 Dungeon Crawl Stone Soup version 0.21.1-1-g345015f (webtiles) character file.

38 Melicamp the Cudgeler (level 3, 0/26 HPs)
             Began as an Octopode Wanderer on Apr 5, 2018.
             Slain by an iguana (3 damage)
             ... on level 2 of the Dungeon.
             The game lasted 00:04:02 (1411 turns).

Melicamp the Cudgeler (Octopode Wanderer)           Turns: 1411, Time: 00:04:03

Health: 0/26       AC:  1    Str: 11    XL:     3   Next: 43%
Magic:  3/3        EV: 12    Int: 13    God:
Gold:   121        SH:  0    Dex: 13    Spells: 2/2 levels left

rFire    . . .     SeeInvis .   a - +2 mace
rCold    . . .     Gourm    .   (no shield)
rNeg     . . .     Faith    .   (helmet restricted)
rPois    .         Spirit   .   (no amulet)
rElec    .         Reflect  .   (no ring)
rCorr    .         Harm     .   (no ring)
MR       .....                  (no ring)
Stlth    +++.......             (no ring)
HPRegen  0.08/turn              (no ring)
MPRegen  0.08/turn              (no ring)
                                (no ring)
                                (no ring)

@: about to teleport
A: almost no armour, stealthy swim, amphibious, 8 rings, constrict 8, camouflage
1, gelatinous body 1
a: no special abilities


You were on level 2 of the Dungeon.
You were hungry.

You visited 1 branch of the dungeon, and saw 3 of its levels.

You collected 121 gold pieces.

Inventory:

Hand Weapons
 a - a +2 mace (weapon)
 r - a +2 hand axe of chopping
   (You found it on level 2 of the Dungeon)
Missiles
 f - 82 stones (quivered)
 k - 33 arrows
Jewellery
 m - an uncursed amulet of magic regeneration {unknown}
   (You found it on level 2 of the Dungeon)
 n - an uncursed ring of fire {unknown}
   (You found it on level 2 of the Dungeon)
 q - an uncursed amulet of regeneration {unknown}
   (You found it on level 2 of the Dungeon)
Scrolls
 c - a scroll of teleportation
 i - a scroll of enchant weapon
Potions
 g - a potion of heal wounds {unknown}
 h - a potion of mutation {unknown}
 o - a potion of flight {unknown}
 p - 2 potions of degeneration {unknown}
Books
 b - the Compendium of Heat

   Spells                             Type                      Level
   a - Flame Tongue                   Conjuration/Fire             1
   b - Inner Flame                    Hexes/Fire                   3
Comestibles
 d - 4 rations


   Skills:
 * Level 3.0 Fighting
 + Level 3.3 Maces & Flails
 + Level 2.5 Stealth
   Level 2.0 Summonings
   Level 1.0 Ice Magic
   Level 1.1 Evocations


You had 2 spell levels left.
You didn't know any spells.

Dungeon Overview and Level Annotations

Branches:
Dungeon (3/15)

Altars:


Innate Abilities, Weirdness & Mutations

You cannot wear most types of armour.
You are very stealthy in the water. (Stealth+)
You are amphibious.
You can wear up to eight rings at the same time.
You can use your tentacles to constrict eight enemies at once.
Your skin changes colour to match your surroundings (Stealth+).
Your rubbery body absorbs attacks. (AC +1, EV +1)


Message History

p - 2 smoky green potions
Found 15 bolts.
You see here 15 bolts.
Found a spear.
Found a stone staircase leading up.
q - a thick filigree amulet
i - 2 scrolls labeled ENIJUFOOQU (gained 1)
A rat comes into view.
The rat moves out of view.
The rat is too close now for your liking.
A rat is nearby!
You hit the rat.
You kill the rat!
No target in view!
Found a runed hand axe.
Found a stone staircase leading down.
You now have 121 gold pieces (gained 4).
Found a stone staircase leading down.
You see here a runed hand axe.
r - a runed hand axe
s - a scroll labeled COOSAUL VUROBY
There is a stone staircase leading down here.
You see here a hobgoblin skeleton.
Done exploring.
Done exploring.
As you read the scroll labeled ENIJUFOOQU, it crumbles to dust.
It is a scroll of enchant weapon.
Your runed hand axe glows red for a moment.
As you read the scroll labeled NIONGO LOIF, it crumbles to dust.
The scroll dissolves into smoke.
It was a scroll of fog.
Done exploring.
(D) Dungeon
Where to? (Enter - D:2, ? - help)
There is a stone staircase leading down here.
You climb downwards.
Found a scroll labeled GAEG YTIXI.
Found an escape hatch in the ceiling.
Found a stone staircase leading up.
There is a stone staircase leading up here.
As you read the scroll labeled OKEXAE URAEWNO, it crumbles to dust.
You assume a fearsome visage.
Nothing appears to happen.
It was a scroll of fear.
As you read the scroll labeled MIUCER QOGU, it crumbles to dust.
You feel aware of your surroundings.
You sensed 2 altars.
It was a scroll of magic mapping.
As you read the scroll labeled COOSAUL VUROBY, it crumbles to dust.
It is a scroll of amnesia.
You feel forgetful for a moment.
Found a ration.
Found a ration.
A bat comes into view.
You see here a scroll labeled GAEG YTIXI.
e - a scroll labeled GAEG YTIXI
Found a scroll of fear.
The helpless bat fails to defend itself.
You sock the bat!
You kill the bat!
As you read the scroll labeled GAEG YTIXI, it crumbles to dust.
You feel blessed for a moment.
It was a scroll of remove curse.
d - 4 rations (gained 1)
A rat comes into view.
A rat is nearby!
Found a hardcover book.
Found a longbow.
A rat comes into view.
You thump the rat!
You kill the rat!
An iguana comes into view.
The iguana hisses angrily.
A bat comes into view.
The bat hits you but does no damage.
Found a quarterstaff.
The bat hits you but does no damage. The bat hits you.
The bat closely misses you. The bat barely misses you.
There is an escape hatch in the ceiling here.
The bat hits you but does no damage. The bat closely misses you.
A mysterious force pulls you upwards. The hatch slams shut behind you.
There is a stone staircase leading down here.
You climb downwards.
Found a robe.
There is a stone staircase leading up here.
Okay, then.
Okay, then.
The iguana bites you.
You climb upwards.
There is a stone staircase leading down here.
You hit the iguana but do no damage. You grab the iguana.
You constrict the iguana. The iguana bites you!
Ouch! That really hurt!
You hit the iguana but do no damage. You squeeze the iguana.
The iguana is moderately wounded.
You constrict the iguana. The iguana bites you!
* * * LOW HITPOINT WARNING * * *
You release your grip on the iguana.
You completely miss the iguana. Your grab misses the iguana.
The iguana is heavily wounded.
The iguana closely misses you.
You are feeling hungry.
As you read the scroll of teleportation, it crumbles to dust.
You feel strangely unstable. The iguana bites you.
You die...

#.....# ### ##......#
#.....# #.# #.......#
#.....# #.# ##.##..###
###.....# #.#
###..#..## #.......#
#.###...##.##
..#.....# #.#...####.#
###.....###...### #.#
#.....#....#######.#
##.....#.#.##..@l.>.#
##........#....#######
##.####.##...###
.............##
#######.#.....# ######
# #.#.##..###....# ##
##...##.........#
.#####..........#...>#
.......#..#####.#....#


You could see an iguana.

Vanquished Creatures
  2 adders (D:2)
  A leopard gecko (D:2)
  A giant cockroach (D:2)
  3 goblins (D:1)
  4 hobgoblins
  3 bats
  2 kobolds (D:1)
  5 rats
21 creatures vanquished.

Notes
Turn   | Place    | Note
-------+----------+-------------------------------------------
     0 | D:1      | Melicamp the Octopode Wanderer began the quest for the Orb.
     0 | D:1      | Melicamp set off with: a +2 mace, the Compendium of Heat, a scroll of teleportation, a ration
     0 | D:1      | Reached XP level 1. HP: 14/14 MP: 1/1
     1 | D:1      | Identified the Compendium of Heat
   339 | D:1      | Reached XP level 2. HP: 20/20 MP: 2/2
   391 | D:1      | Reached skill level 2 in Stealth
  1044 | D:2      | Reached XP level 3. HP: 25/25 MP: 3/3
  1159 | D:2      | Reached skill level 3 in Fighting
  1406 | D:2      | HP: 3/26 [iguana (9)]
  1411 | D:2      | Slain by an iguana

Skill      XL: |  1  2  3 |
---------------+----------+-----
Stealth        | 2 |  2.5
Fighting       | 3 |  3.0
Maces & Flails | |  3.3
Summonings     | |  2.0
Ice Magic      | |  1.0
Evocations     | |  1.1

Action                   || total
-------------------------++-------
Melee: Mace              ||    40
       Constrict         ||     9
       Tentacles         ||     5
Throw: Stone             ||    23
  Use: Scroll            ||     7
 Stab: Sleeping          ||     8
  Eat: Chunk             ||     1
Armor: Skin              ||     4
Dodge: Dodged            ||    24

Vault maps used:
D:1:      nzn_arrival_water_spiral, serial_forest, infiniplex_forest_fountain,
          infiniplex_forest_corner_2, infiniplex_forest_corner_1,
          infiniplex_forest_clump_cross, infiniplex_forest_end_3,
          infiniplex_forest_lined_room_3, infiniplex_forest_straight_2,
          infiniplex_forest_fountain
D:3:      gammafunk_temple_overflow_elements, first_ration, uniq_grinder

Table legend:
 A = Turns spent in this place as a percentage of turns spent in the entire game.
 B = Non-inter-level travel turns spent in this place as a percentage of non-inter-level travel turns spent in the entire game.
 C = Inter-level travel turns spent in this place as a percentage of turns spent in this place.
 D = Turns resting spent in this place as a percentage of non-inter-level travel turns spent in this place.
 E = Turns spent auto-exploring this place as a percentage of non-inter-level travel turns spent in this place.
 F = Non-inter-level travel turns spent in this place divided by the number of levels of this place that you've seen.
                   A       B       C       D       E      F
               +-------+-------+-------+-------+-------+----------------------
         Total | 100.0 | 100.0 |  12.6 |  18.2 |  66.1 | 411.0
       Dungeon | 100.0 | 100.0 |  12.6 |  18.2 |  66.1 | 411.0
               +-------+-------+-------+-------+-------+----------------------

Table legend:
 A = Kills in this place as a percentage of kills in entire the game.
 B = Kills by you in this place as a percentage of kills by you in the entire game.
 C = Kills by friends in this place as a percentage of kills by friends in the entire game.
 D = Other kills in this place as a percentage of other kills in the entire game.
 E = Experience gained in this place as a percentage of experience gained in the entire game.
 F = Experience gained in this place divided by the number of levels of this place that you have seen.
                   A       B       C       D       E      F
               +-------+-------+-------+-------+-------+----------------------
         Total | 100.0 | 100.0 |   N/A |   N/A | 100.0 |  18.3
       Dungeon | 100.0 | 100.0 |   N/A |   N/A | 100.0 |  18.3
               +-------+-------+-------+-------+-------+----------------------
